AoeStats
← Ernst paul

Arabia

508740112Analyzed
2v2 RM · 9d ago on Sep 23, 2026· 42m 25s· 4 players
Game mode
Random Map
Map size
Medium (4 player)
Population
200
Speed
Normal
Resources
Standard
Victory
Conquest
Starting age
Dark Age
Ending age
Imperial Age
RankedLock teamsTeams togetherTeam positionsShared explorationLock speedFull tech treeHidden civsTurbo modeCheats
Victory
Defeat
🇨🇿 Magyars · Czechia
836
+15
🇨🇿 Franks · Czechia
772
+17
🇧🇪 Romans · Belgium
837
-17
🇳🇱 Byzantines · Netherlands
788
-15
Georgeak
6:14 Loom
10:31 Feudal Age
12:44 Double-Bit Axe
14:28 Forging
16:51 Scale Barding Armor
19:32 Gold Mining
19:32 Stone Mining
22:59 Castle Age
24:55 Chain Barding Armor
25:11 Iron Casting
24:38 Husbandry
30:18 Murder Holes
30:44 Ballistics
36:10 Imperial Age
37:11 Wheelbarrow
36:16 Cavalier
37:33 Plate Barding Armor
37:58 Blast Furnace
36:49 Fletching
36:48 Arrowslits
38:10 Chemistry
37:32 Chivalry
38:32 Hand Cart
38:03 Town Watch
39:57 Conscription
39:42 Town Patrol
41:04 Paladin
psychotox7
6:13 Loom
10:07 Feudal Age
12:58 Double-Bit Axe
22:13 Castle Age
21:35 Gold Mining
22:14 Horse Collar
22:32 Stone Mining
24:22 Heavy Plow
24:34 Bow Saw
27:37 Wheelbarrow
28:21 Gold Shaft Mining
28:27 Town Watch
32:02 Imperial Age
31:37 Hand Cart
31:27 Husbandry
31:37 Bloodlines
31:36 Scale Barding Armor
32:13 Fletching
32:44 Chain Barding Armor
33:00 Ballistics
32:36 Murder Holes
34:41 Cavalier
37:26 Plate Barding Armor
37:53 Bodkin Arrow
40:50 Conscription
Ernst paul
5:15 Loom
9:43 Feudal Age
13:41 Horse Collar
14:06 Double-Bit Axe
17:16 Man-at-Arms
22:43 Castle Age
22:09 Stone Mining
22:54 Forging
22:44 Scale Mail Armor
23:07 Pikeman
27:20 Bow Saw
27:21 Heavy Plow
35:30 Imperial Age
37:38 Gold Mining
Daan
2:15 Loom
12:36 Feudal Age
13:02 Double-Bit Axe
14:43 Horse Collar
17:22 Arson
21:03 Gold Mining
26:39 Castle Age
26:41 Stone Mining
27:36 Bow Saw
27:27 Heavy Plow
28:05 Padded Archer Armor
31:48 Wheelbarrow
32:25 Leather Archer Armor
32:10 Scale Mail Armor
36:57 Husbandry
37:16 Hand Cart
37:57 Gold Shaft Mining
37:58 Stone Shaft Mining
38:45 Fortified Wall
38:08 Pikeman
38:48 Squires
43:45 Imperial Age
Connection lost

Rejoining the realm…

Still unreachable

The connection could not be restored.

Session expired

The server has moved on; the page needs a fresh start.